[Event "FIDE WCCC G12 2018"]
[Site "Santiago de Compostela"]
[Date "2018.11.08"]
[Round "4"]
[White "Savitha Shri B"]
[Black "Omonova, Umida"]
[Result "1/2-1/2"]
[ECO "A09"]
[WhiteElo "1745"]
[BlackElo "1854"]
[Annotator "NA"]
[PlyCount "71"]
[EventDate "2018.11.04"]
[EventType "swiss"]
[EventCountry "ESP"]
[SourceTitle "playchess.com"]
[Source "ChessBase"]
[SourceQuality "1"]
[TimeControl "40/5400+30:1800+30"]

1. Nf3 d5 2. c4 d4 3. e3 c5 4. exd4 cxd4 5. d3 Nc6 {[%emt 0:01:02] A09: Reti-Eröffnung} 6. g3 e5 (6... g6 7. Bg2 Bg7 8. O-O Nf6 9. Na3 O-O 10. Nc2 a5 11. a3 Nd7 12. Rb1 a4 13. Bd2 Nc5 14. Bb4 Qb6 15. Bxc5 Qxc5 16. b4 axb3 17. Rxb3 {0-1 (50) Pantsulaia,L (2612)-Sethuraman,S (2646) Riadh 2017}) 7. Bg2 Bd6 {[%emt 0:04:27] LiveBook: 17 Games} 8. Qe2 Nge7 9. Nbd2 $146 ({Vorgänger:} 9. O-O O-O 10. Na3 Ng6 11. Ng5 h6 12. Ne4 Be7 13. f4 exf4 14. Bxf4 Nxf4 15. gxf4 {1-0 (58) Golub,D (2184)-Koons,N (2262) Seattle 2014}) 9... Bf5 (9... Bg4 $15) 10. a3 a5 11. Nh4 Be6 12. Ne4 h6 13. f4 exf4 14. Nxd6+ Qxd6 15. Bxf4 Qc5 (15... Qd7 $11 {keeps the balance.}) 16. Nf3 (16. O-O $5 O-O 17. Bd2 $14) 16... Ng6 17. O-O O-O 18. Nd2 Bf5 $2 {[%emt 0:02:39] [#]} (18... Nxf4 $11 19. Rxf4 Rae8) 19. Ne4 $2 ({White has to play} 19. Qh5 $1 $18 Nxf4 20. Rxf4) 19... Bxe4 20. Bxe4 Rae8 21. Qd2 (21. Bd2 $14) 21... Nxf4 22. Rxf4 Re5 23. Raf1 Ne7 ({Günstiger ist} 23... f6 $14) 24. Rg4 Qd6 (24... g5 $15 25. b4 (25. Bxb7 f5 $15) 25... Qc7) 25. Bxb7 Nf5 26. Rgf4 Ne3 27. R1f2 f5 (27... Qb6 $5 28. Bg2 Nxg2 29. Kxg2 Qc6+ 30. R4f3 Rd8 $16) 28. Bd5+ Nxd5 29. Rxd4 Rfe8 30. Rxd5 Rxd5 31. cxd5 Qxd5 32. Qf4 $11 Re1+ 33. Rf1 Rxf1+ 34. Qxf1 Qd4+ 35. Qf2 Qxd3 36. Qb6 1/2-1/2

[Event "FIDE WCCC G12 2018"]
[Site "Santiago de Compostela"]
[Date "2018.11.08"]
[Round "4"]
[White "Boramanikar Tanisha S"]
[Black "Lobo Pereira, Arami"]
[Result "1-0"]
[ECO "B21"]
[WhiteElo "1716"]
[BlackElo "1592"]
[Annotator "NA"]
[PlyCount "89"]
[EventDate "2018.11.04"]
[EventType "swiss"]
[EventCountry "ESP"]
[SourceTitle "playchess.com"]
[Source "ChessBase"]
[SourceQuality "1"]
[TimeControl "40/5400+30:1800+30"]

1. e4 c5 2. d4 cxd4 3. c3 Nf6 4. e5 Nd5 5. Bc4 Qc7 6. Qe2 Nb6 7. Bd3 Nc6 8. Nf3 d6 9. Bf4 e6 10. cxd4 Nd5 11. Bg3 Be7 12. O-O O-O 13. Be4 dxe5 14. Nxe5 Nxe5 15. Bxe5 Bd6 16. Na3 Bxe5 17. dxe5 Nf4 18. Qe3 Ng6 19. f4 Bd7 20. Rac1 Qa5 21. Bxb7 Rab8 22. Be4 Qb4 23. Bxg6 hxg6 24. Qxa7 Bb5 25. Nxb5 Rxb5 26. b3 Ra5 27. Qf2 Rfa8 28. Rc2 Ra3 29. Rfc1 Qb7 30. Rc7 Qb8 31. R7c2 Qb7 32. Rd1 Qa6 33. Rdd2 Qa5 34. Qd4 Kh7 35. h3 Ra7 36. Qf2 Ra8 37. Qh4+ Kg8 38. Qe7 Qb6+ 39. Kh2 R3a7 40. Qd6 Qa5 41. Rc5 Qa3 42. Rc4 Qa5 43. Ra4 Qb5 44. Rxa7 Rxa7 45. Qd8+ 1-0

[Event "FIDE WCCC G12 2018"]
[Site "Santiago de Compostela"]
[Date "2018.11.08"]
[Round "4"]
[White "Bravo Mallco, Kate Azumi"]
[Black "Oz, Irem Ezra"]
[Result "0-1"]
[ECO "B42"]
[WhiteElo "1698"]
[BlackElo "1564"]
[Annotator "NA RC"]
[PlyCount "106"]
[EventDate "2018.11.04"]
[EventType "swiss"]
[EventCountry "ESP"]
[SourceTitle "playchess.com"]
[Source "ChessBase"]
[SourceQuality "1"]
[TimeControl "40/5400+30:1800+30"]

1. e4 c5 2. Nf3 e6 3. d4 cxd4 4. Nxd4 a6 5. Bd3 Bc5 6. Nb3 Ba7 7. O-O Ne7 8. c4 Nbc6 9. Qe2 e5 10. Kh1 O-O 11. f4 exf4 12. Bxf4 d6 13. Nc3 Ng6 14. Rad1 Nxf4 15. Rxf4 Be6 16. Nd5 Ne5 17. Bb1 Kh8 18. Nd2 Rc8 19. h3 Re8 20. b3 Ng6 21. Rff1 Bxd5 22. cxd5 Ne5 23. Qh5 Qd7 24. Nc4 f6 25. Nd2 Kg8 26. Nf3 Nxf3 27. Qxf3 Rc7 28. Qd3 Re5 29. Rc1 Rxc1 30. Rxc1 Bc5 31. Qd2 Re8 32. b4 Bb6 33. Qc2 g6 34. Rf1 Kg7 35. Qc3 Qe7 36. a4 Qe5 37. Qc4 Re7 38. Qd3 Rc7 39. Qd2 Rc4 40. Rc1 Qd4 41. Qf4 g5 42. Qf1 Rxc1 43. Qxc1 Qxb4 44. Qd1 Qc5 45. Kh2 Ba7 46. Bd3 b5 47. axb5 axb5 48. h4 h6 49. hxg5 hxg5 50. Qa1 b4 51. e5 fxe5 52. Qb1 Qd4 53. Bf5 Kf6 0-1

[Event "FIDE WCCC G12 2018"]
[Site "Santiago de Compostela"]
[Date "2018.11.08"]
[Round "4"]
[White "Weersing, Abigail Riis"]
[Black "Mamardashvili, Ana"]
[Result "0-1"]
[ECO "D56"]
[WhiteElo "1649"]
[BlackElo "1527"]
[Annotator "NA RC"]
[PlyCount "118"]
[EventDate "2018.11.04"]
[EventType "swiss"]
[EventCountry "ESP"]
[SourceTitle "playchess.com"]
[Source "ChessBase"]
[SourceQuality "1"]
[TimeControl "40/5400+30:1800+30"]

1. d4 d5 2. c4 e6 3. Nc3 Nf6 4. Bg5 Be7 5. Nf3 O-O 6. e3 h6 7. Bh4 Ne4 8. Bxe7 Qxe7 9. Qc2 Nxc3 10. Qxc3 c6 11. Be2 dxc4 12. Qxc4 Nd7 13. O-O e5 14. dxe5 Nxe5 15. Qb3 Be6 16. Qc2 Nxf3+ 17. Bxf3 Rfd8 18. b3 Rac8 19. Rfd1 Qf6 20. Rac1 Bf5 21. Qe2 Qe7 22. h3 Rxd1+ 23. Rxd1 Rd8 24. Rd2 Rd7 25. Qd1 Qd8 26. Rxd7 Qxd7 27. Qxd7 Bxd7 28. Kf1 a5 29. Ke2 Kf8 30. Kd3 Ke7 31. Kc3 Kd6 32. Be2 b6 33. f4 Bc8 34. e4 f6 35. Kd4 c5+ 36. Kc3 Bd7 37. a4 g5 38. fxg5 fxg5 39. Bf3 Ke5 40. Kc4 Be6+ 41. Kc3 Kf4 42. Kc2 Ke3 43. Kc3 Bf7 44. Kb2 Kd3 45. Bg4 Kxe4 46. Kc3 Ke3 47. Bf3 Be6 48. Bc6 Kf2 49. Bb7 h5 50. Bc6 g4 51. hxg4 hxg4 52. Bb7 g3 53. Bf3 Bh3 54. Kc4 Bxg2 55. Bxg2 Kxg2 56. Kb5 Kh2 57. Kxb6 g2 58. Kxa5 g1=Q 59. Kb5 Qb1 0-1

[Event "FIDE WCCC G12 2018"]
[Site "Santiago de Compostela"]
[Date "2018.11.08"]
[Round "4"]
[White "Denic, Hana"]
[Black "Schiopu, Oana-Magdalena"]
[Result "0-1"]
[ECO "B28"]
[WhiteElo "1636"]
[BlackElo "1526"]
[Annotator "NA RC"]
[PlyCount "106"]
[EventDate "2018.11.04"]
[EventType "swiss"]
[EventCountry "ESP"]
[SourceTitle "playchess.com"]
[Source "ChessBase"]
[SourceQuality "1"]
[TimeControl "40/5400+30:1800+30"]

1. e4 c5 2. Nf3 a6 3. Nc3 d6 4. d4 cxd4 5. Nxd4 e6 6. Be3 Be7 7. Qd2 Nd7 8. O-O-O Ngf6 9. f3 Qc7 10. g4 h6 11. h4 b5 12. a3 Rb8 13. Bd3 Ne5 14. g5 Nfd7 15. f4 Nc4 16. Qe1 h5 17. g6 b4 18. gxf7+ Kxf7 19. axb4 Rxb4 20. Bxc4 Qxc4 21. Nb3 Qc7 22. Nd5 exd5 23. Qxb4 dxe4 24. Qxe4 Bb7 25. Qf5+ Nf6 26. Rh2 Be4 27. Qa5 Qb7 28. Qb6 Qc8 29. c3 Bh7 30. Nd4 Be4 31. Re2 Nd7 32. Qb3+ d5 33. Rdd2 Nc5 34. Qb6 Rh6 35. Qa7 Rd6 36. Nc2 Rd7 37. Qb6 Rb7 38. Bxc5 Rxb6 39. Bxb6 Bxh4 40. Nb4 Qb7 41. Bf2 Bf6 42. Bd4 Be7 43. Nd3 Qb5 44. Nf2 Bf5 45. Bxg7 h4 46. Bd4 h3 47. Re1 Bh4 48. Rh1 Bxf2 49. Bxf2 Qa4 50. Re2 Qa1+ 51. Kd2 Qxb2+ 52. Kd1 Qb1+ 53. Kd2 Qc2+ 0-1

[Event "FIDE WCCC G12 2018"]
[Site "Santiago de Compostela"]
[Date "2018.11.08"]
[Round "4"]
[White "Ke, Rianne"]
[Black "Karmanova, Olga Dm."]
[Result "1-0"]
[ECO "B07"]
[WhiteElo "1600"]
[BlackElo "1819"]
[Annotator "NA RC"]
[PlyCount "40"]
[EventDate "2018.11.04"]
[EventType "swiss"]
[EventCountry "ESP"]
[SourceTitle "playchess.com"]
[Source "ChessBase"]
[SourceQuality "1"]
[TimeControl "40/5400+30:1800+30"]

1. e4 d6 2. d4 Nf6 3. Nc3 c6 4. f4 Qa5 5. Bd3 e5 6. dxe5 dxe5 7. fxe5 Ng4 {[%emt 0:04:53] LiveBook: 7 Games} 8. h3 {[%emt 0:04:32] B07: Pirc Defence: Miscellaneous Systems} (8. Nf3 $11) (8. Qe2 Nxe5 9. Nf3 Bg4 10. Bd2 Nbd7 11. O-O-O Qc7 12. h3 Bh5 13. Kb1 Bd6 14. g4 Nxf3 15. Qxf3 Bg6 16. Ne2 Ne5 17. Qe3 f6 18. Nd4 Bf7 19. Nf5 O-O-O 20. Qxa7 g6 21. Ba5 b6 22. Ba6+ {1-0 (22) Kravtsiv,M (2549)-Akobian,V (2606) Beijing 2008}) 8... Nxe5 9. Nf3 Bd6 10. O-O O-O 11. Kh1 Ng6 $146 ({Predecessor:} 11... Nbd7 12. Nh4 Bc7 13. Bd2 Qc5 14. Nf5 Ng6 15. Qe2 Nf6 {½-½ (45) Meingast,M (2092)-Gauch,M (2127) Neumuenster 2000}) 12. e5 Bxe5 13. Nxe5 (13. Bd2 $14) 13... Qxe5 14. Ne4 c5 ({Besser ist} 14... Bf5 $15 15. Re1 Bxe4 16. Bxe4 Qf6) 15. Ng5 h6 $2 {[%emt 0:13:27] [#]} (15... Nd7 $1 $11 {and Black is okay.}) 16. Nxf7 $2 (16. Bxg6 $1 $18 {is the precise move to win.} hxg5 {[#]} 17. Bxf7+ $1 Rxf7 18. Qd8+ Kh7 19. Rxf7 Qe1+ 20. Kh2 Qe5+ 21. Kg1) 16... Rxf7 17. Bxg6 Rxf1+ 18. Qxf1 Be6 19. Bxh6 gxh6 (19... Nd7 $16) 20. Re1 Nc6 $18 (20... Qd6) 1-0

[Event "FIDE WCCC G12 2018"]
[Site "Santiago de Compostela"]
[Date "2018.11.08"]
[Round "4"]
[White "Menon, Gauri"]
[Black "Enkhsaran, Batsaikhan"]
[Result "0-1"]
[ECO "A09"]
[WhiteElo "1592"]
[BlackElo "1614"]
[Annotator "NA"]
[PlyCount "80"]
[EventDate "2018.11.04"]
[EventType "swiss"]
[EventCountry "ESP"]
[SourceTitle "playchess.com"]
[Source "ChessBase"]
[SourceQuality "1"]
[TimeControl "40/5400+30:1800+30"]

1. Nf3 d5 2. c4 d4 3. e3 Nc6 4. exd4 Nxd4 5. Nxd4 Qxd4 6. Nc3 c6 7. d3 Nh6 8. Be3 Qd8 9. Be2 g6 10. O-O Nf5 11. Qd2 Bg7 12. Rad1 Nd4 13. Bxd4 Qxd4 14. Qe3 Be6 15. Bf3 O-O 16. Qxd4 Bxd4 17. Ne2 Rad8 18. b4 Bg7 19. Nf4 Bc8 20. a4 g5 21. Nh5 Bd4 22. Ng3 g4 23. Be2 f5 24. Kh1 f4 25. Ne4 f3 26. gxf3 gxf3 27. Rg1+ Kh8 28. Bf1 h6 29. Rd2 Rf4 30. Rc2 Be5 31. Ng3 Rh4 32. b5 Rdd4 33. Bh3 Bxh3 34. Re1 Rxd3 35. Rcc1 Bxg3 36. fxg3 Rhd4 37. Kg1 Rd2 38. Rxe7 f2+ 39. Kh1 Rd1+ 40. Rxd1 Rxd1+ 0-1

[Event "FIDE WCCC G12 2018"]
[Site "Santiago de Compostela"]
[Date "2018.11.08"]
[Round "4"]
[White "Toth, Manoush"]
[Black "Hernandez Tellez, Claudia"]
[Result "1/2-1/2"]
[ECO "B32"]
[WhiteElo "1576"]
[BlackElo "1721"]
[Annotator "NA"]
[PlyCount "56"]
[EventDate "2018.11.04"]
[EventType "swiss"]
[EventCountry "ESP"]
[SourceTitle "playchess.com"]
[Source "ChessBase"]
[SourceQuality "1"]
[TimeControl "40/5400+30:1800+30"]

1. e4 c5 2. Nf3 Nc6 3. d4 cxd4 4. Nxd4 g6 5. Nb3 Bg7 6. Nc3 Nf6 7. Be2 O-O 8. O-O d6 9. Kh1 a5 10. a4 Nb4 11. Bg5 Bd7 12. Nd4 Bc6 13. Nxc6 bxc6 14. f4 Nd7 15. Rb1 Nc5 16. Bd3 Nbxd3 17. cxd3 Ne6 18. Bh4 Rb8 19. f5 Nd4 20. fxg6 fxg6 21. Rxf8+ Qxf8 22. Bg5 Qf7 23. Ne2 Nxe2 24. Qxe2 Rb4 25. Qc2 Rxb2 26. Qc1 Qf2 27. Rxb2 Bxb2 28. Qd1 Bc3 1/2-1/2

[Event "FIDE WCCC G12 2018"]
[Site "Santiago de Compostela"]
[Date "2018.11.08"]
[Round "4"]
[White "Mellor, Jessica"]
[Black "Wang, Ellen"]
[Result "0-1"]
[ECO "B23"]
[WhiteElo "1555"]
[BlackElo "1711"]
[Annotator "NA"]
[PlyCount "100"]
[EventDate "2018.11.04"]
[EventType "swiss"]
[EventCountry "ESP"]
[SourceTitle "playchess.com"]
[Source "ChessBase"]
[SourceQuality "1"]
[TimeControl "40/5400+30:1800+30"]

1. e4 c5 2. Nc3 Nc6 3. f4 g6 4. Nf3 Bg7 5. Bc4 e6 6. a3 Nge7 7. Ba2 O-O 8. O-O d5 9. e5 b6 10. d3 Bb7 11. Qe1 Nf5 12. g4 Nfd4 13. Nxd4 Nxd4 14. Qf2 g5 15. Be3 Nxc2 16. Qxc2 d4 17. Qd2 dxe3 18. Qxe3 gxf4 19. Qxf4 Qh4 20. Ne4 Bxe4 21. Qxe4 Rad8 22. Rf4 Qg5 23. Raf1 Rd4 24. Qe3 Bh6 25. h4 Qxh4 26. Kg2 Rxf4 27. Rxf4 Qg5 28. Kg3 Rd8 29. Qf3 Qxf4+ 30. Qxf4 Bxf4+ 31. Kxf4 Rxd3 32. Kg5 Rd2 33. Kf6 Rxb2 34. Bc4 Rf2+ 35. Ke7 Rf4 36. Bb5 Rxg4 37. Be8 Rf4 38. Bd7 c4 39. Ba4 h5 40. Bc2 h4 41. Ba4 h3 42. Kd7 h2 43. Bc6 c3 44. Kc7 c2 45. Kb7 c1=Q 46. Bg2 h1=R 47. Bxh1 Qxh1+ 48. Kb8 Qc6 49. a4 Rd4 50. a5 Rd8+ 0-1

[Event "FIDE WCCC G12 2018"]
[Site "Santiago de Compostela"]
[Date "2018.11.08"]
[Round "4"]
[White "Kaldarova, Ayaulym"]
[Black "Munkhzul, Davaakhuu"]
[Result "0-1"]
[ECO "B40"]
[WhiteElo "1526"]
[BlackElo "1781"]
[Annotator "NA RC"]
[PlyCount "144"]
[EventDate "2018.11.04"]
[EventType "swiss"]
[EventCountry "ESP"]
[SourceTitle "playchess.com"]
[Source "ChessBase"]
[SourceQuality "1"]
[TimeControl "40/5400+30:1800+30"]

1. e4 c5 2. Nf3 e6 3. d4 cxd4 4. Nxd4 Nf6 5. Nc3 Nc6 6. Ndb5 Bb4 7. a3 Bxc3+ 8. Nxc3 d5 9. Bd3 d4 10. Ne2 O-O 11. O-O e5 12. f4 exf4 13. Bxf4 Nh5 14. Ng3 Nxf4 15. Rxf4 g6 16. Qd2 Ne5 17. Raf1 Be6 18. Qe2 Rc8 19. Qd2 Ng4 20. h3 Ne3 21. R1f2 Qb6 22. b3 Qc5 23. Qb4 b6 24. Nf1 Nd1 25. Rd2 Nc3 26. Ba6 Rcd8 27. Qxc5 bxc5 28. b4 cxb4 29. axb4 g5 30. Rf3 Nxe4 31. Re2 Nc3 32. Re5 h6 33. Rd3 Rd6 34. Ra5 Rb8 35. b5 Bc4 36. Rf3 Bd5 37. Rd3 Re8 38. Ng3 Ne2+ 39. Kf2 Rf6+ 40. Rf3 Bxf3 41. gxf3 Nf4 42. Ne4 Rb6 43. Kg3 f5 44. Nf2 Re2 45. Bc8 Rxc2 46. Bxf5 Rc1 47. Nd3 Nxd3 48. Bxd3 Rc3 49. Be4 Rc7 50. Bc6 Rb8 51. Ra1 Rd8 52. Kf2 Re7 53. Be4 d3 54. Rd1 d2 55. Ke3 Re5 56. Rxd2 Rxd2 57. Kxd2 Rxb5 58. Kc3 Kg7 59. Kc4 Rb2 60. Kc3 Rf2 61. Kb4 Kf6 62. Bc6 Ke5 63. Ka5 Kf4 64. Ka6 Ra2+ 65. Kb5 Kg3 66. Bd7 Kxf3 67. Be6 Rb2+ 68. Ka6 Rb6+ 69. Kxa7 Rxe6 70. Kb7 Ke4 71. Kc7 Kd5 72. Kd7 h5 0-1

[Event "FIDE WCCC G12 2018"]
[Site "Santiago de Compostela"]
[Date "2018.11.08"]
[Round "4"]
[White "Berezovsky, Fiorina"]
[Black "Rueda Nessi, Juana"]
[Result "0-1"]
[ECO "C05"]
[WhiteElo "1492"]
[BlackElo "1642"]
[Annotator "NA RC"]
[PlyCount "58"]
[EventDate "2018.11.04"]
[EventType "swiss"]
[EventCountry "ESP"]
[SourceTitle "playchess.com"]
[Source "ChessBase"]
[SourceQuality "1"]
[TimeControl "40/5400+30:1800+30"]

1. e4 e6 2. d4 d5 3. Nd2 Nf6 4. e5 Nfd7 5. Bd3 c5 6. c3 Nc6 7. Ngf3 f6 8. exf6 Nxf6 9. O-O Bd6 10. Nb3 Qc7 11. h3 O-O 12. Bg5 Qf7 13. Qb1 Qh5 14. h4 h6 15. Bxf6 Rxf6 16. a3 Rxf3 17. gxf3 Qxf3 18. Qd1 Qh3 19. f4 Qg3+ 20. Kh1 Qxh4+ 21. Kg1 Qg3+ 22. Kh1 Bxf4 23. Qc2 Qh3+ 24. Kg1 Be3+ 25. Rf2 Qg3+ 26. Kf1 Bxf2 27. Bh7+ Kh8 28. Qxf2 Qxf2+ 29. Kxf2 Kxh7 0-1

[Event "FIDE WCCC G12 2018"]
[Site "Santiago de Compostela"]
[Date "2018.11.08"]
[Round "4"]
[White "Badalyan, Seda"]
[Black "Zavivaeva, Emilia"]
[Result "0-1"]
[ECO "B01"]
[WhiteElo "1466"]
[BlackElo "1633"]
[Annotator "NA"]
[PlyCount "64"]
[EventDate "2018.11.04"]
[EventType "swiss"]
[EventCountry "ESP"]
[SourceTitle "playchess.com"]
[Source "ChessBase"]
[SourceQuality "1"]
[TimeControl "40/5400+30:1800+30"]

1. e4 d5 2. exd5 Qxd5 3. Nc3 Qd6 4. Be2 g6 5. Nf3 Bg7 6. O-O Nf6 7. d4 a6 8. Be3 O-O 9. Nb1 b5 10. c3 Bb7 11. Nbd2 Nbd7 12. a4 b4 13. Nc4 Qe6 14. Re1 bxc3 15. bxc3 Bxf3 16. gxf3 Nd5 17. Bd2 c5 18. Bd3 Qc6 19. Ne3 Rad8 20. Be4 e6 21. Rc1 N7f6 22. Bd3 cxd4 23. cxd4 Qa8 24. Nc4 Nh5 25. Be4 Bxd4 26. Ba5 Qa7 27. Rf1 Rd7 28. Qc2 Ndf4 29. Be1 Rc8 30. Qa2 Rdc7 31. Ba5 Qc5 32. Bxc7 Qg5+ {[%emt 0:00:04] Bd6} 0-1

[Event "FIDE WCCC G12 2018"]
[Site "Santiago de Compostela"]
[Date "2018.11.09"]
[Round "5"]
[White "Kairbekova, Amina"]
[Black "Munkhzul, Davaakhuu"]
[Result "1-0"]
[ECO "B33"]
[WhiteElo "1939"]
[BlackElo "1781"]
[Annotator "NA RC"]
[PlyCount "77"]
[EventDate "2018.11.04"]
[EventType "swiss"]
[EventCountry "ESP"]
[SourceTitle "playchess.com"]
[Source "ChessBase"]
[SourceQuality "1"]
[TimeControl "40/5400+30:1800+30"]

1. e4 c5 2. Nf3 Nc6 3. d4 cxd4 4. Nxd4 Nf6 5. Nc3 e6 6. Ndb5 Bb4 7. a3 Bxc3+ $1 {[%emt 0:00:08] LiveBook: 1156 Games} 8. Nxc3 d5 9. exd5 exd5 10. Bd3 O-O 11. O-O h6 12. h3 {[%emt 0:02:19] B45: Sizilianisch (Klassisches System)} Ne5 (12... Re8 13. Bf4 a6 14. Re1 Rxe1+ 15. Qxe1 d4 16. Na4 Be6 17. Nc5 Qe7 18. b4 Re8 19. Rd1 Nd5 {1-0 (57) Saric,I (2643)-Schneider,I (2472) Germany 2012}) 13. Bf4 Ng6 14. Bxg6 $146 ({Vorgänger:} 14. Bg3 a6 15. Re1 Ne7 16. Qf3 Nc6 17. Bh4 g5 18. Bg3 Be6 19. Bc7 Nd4 {1-0 (28) Madl,I (2394)-Shapira,L (2049) Tel Aviv 2001}) 14... fxg6 15. Be5 Be6 16. Re1 Kh7 17. Qd4 b6 18. Rad1 Rc8 19. Re2 Rc4 $2 {[%emt 0:03:02] [#]} (19... Re8 $16 {is more resistant.}) 20. Qxc4 $1 dxc4 21. Rxd8 Rxd8 22. Bxf6 $1 gxf6 23. Rxe6 Rd2 24. Re2 Rd7 25. Kf1 Kg7 26. Ke1 Kf7 27. Re4 Rc7 28. Nb5 Rc5 29. Nd6+ Kf8 30. Re8+ Kg7 31. Re7+ Kg8 32. Rxa7 c3 33. bxc3 Rxc3 34. Kd2 Rc6 35. Nb5 Rc5 36. Nd4 g5 37. Ra6 Rd5 38. Kd3 Rd6 39. c4 $18 1-0

[Event "FIDE WCCC G12 2018"]
[Site "Santiago de Compostela"]
[Date "2018.11.09"]
[Round "5"]
[White "Nadzamova, Viktoria"]
[Black "Bridgeman, Niamh"]
[Result "1-0"]
[ECO "C11"]
[WhiteElo "1923"]
[BlackElo "1516"]
[Annotator "NA RC"]
[PlyCount "117"]
[EventDate "2018.11.04"]
[EventType "swiss"]
[EventCountry "ESP"]
[SourceTitle "playchess.com"]
[Source "ChessBase"]
[SourceQuality "1"]
[TimeControl "40/5400+30:1800+30"]

1. e4 e6 2. d4 d5 3. Nc3 Nf6 4. e5 Nfd7 5. f4 c5 6. Nf3 Nc6 7. Be3 Be7 8. Be2 O-O 9. O-O {[%emt 0:00:06] C11: French: Classical System: 4 e5 and 4 Bg5 dxe4} b6 10. Qd2 f5 {[%emt 0:00:16] LiveBook: 100 Games} 11. a3 Bb7 12. Bd1 $146 ({Predecessor:} 12. h3 cxd4 13. Nxd4 Nc5 14. b4 Nxd4 15. Bxd4 Ne4 16. Nxe4 dxe4 {0-1 (48) Hjartarson,J (2529)-Ganguly,S (2652) Berlin 2015}) 12... cxd4 13. Nxd4 Nxd4 14. Bxd4 Nc5 15. Qe3 Kh8 16. g4 g5 17. gxf5 gxf4 18. Qh3 Rxf5 19. Bg4 Qg8 20. Kh1 Rg5 21. Rxf4 Rf8 22. Rxf8 Bxf8 23. Bf3 Nd7 24. Bxd5 (24. Nxd5 $5 Qf7 25. Nf6 $11) 24... Bxd5+ 25. Nxd5 Rg4 (25... Bc5 $15 26. Bxc5 Nxc5) 26. c3 Qg6 ({Günstiger ist} 26... Bc5 $11 27. Nc7 Bxd4 28. cxd4 Qg6) 27. Re1 Bg7 {[%emt 0:05:12] [#]} 28. Ne7 $1 Qg5 29. Be3 Qh4 30. Qxh4 Rxh4 31. Bd4 Rh5 32. Nc6 a6 33. Re2 Rg5 $1 $11 {[%emt 0:01:50] keeps the balance.} (33... Kg8 $16 {war einen Versuch wert.}) 34. Nd8 (34. Be3 $18 Rh5 35. Rd2) 34... Rg6 35. Rf2 Kg8 36. Nc6 Rg5 37. Re2 Kf7 38. c4 Kg6 39. b4 Rg4 40. c5 bxc5 41. bxc5 Bf8 (41... Kf7 $1 $14) 42. Rc2 Re4 43. Kg2 Bg7 $1 44. Bb2 Bf8 ({Not} 44... Nxc5 $2 45. Kf3 $18) 45. Bd4 (45. Kf3 $16 Ra4 46. Bd4) 45... Bg7 46. Kf3 Re1 (46... Rh4 {keeps fighting.} 47. a4 Bf8) 47. Kf2 (47. Rg2+ $18 {and White stays clearly on top.} Kf7 48. Nd8+ Ke8 49. Rxg7 Kxd8 50. c6 (50. Rxh7 Nxe5+ 51. Bxe5 Rxe5 $16) 50... Nxe5+ 51. Kf2 Nd3+ 52. Kg3) 47... Re4 48. Kg3 Kf7 {[%emt 0:04:42] [#]} 49. Kf3 (49. Bb2 $1 $16) 49... Re1 $2 {[%emt 0:00:52] [#]} (49... Rh4 $16 {is a better defense.}) 50. Bf2 $1 Rd1 51. Nd8+ Ke7 52. Bh4+ Ke8 53. Nxe6 Nxe5+ $2 (53... Bxe5 54. c6 Nb6) 54. Ke2 Rg1 55. Kf2 Rg6 56. Nxg7+ Rxg7 57. Re2 Rf7+ 58. Kg2 Rf5 $18 59. Bg3 1-0

[Event "FIDE WCCC G12 2018"]
[Site "Santiago de Compostela"]
[Date "2018.11.09"]
[Round "5"]
[White "Omonova, Umida"]
[Black "Ke, Rianne"]
[Result "1-0"]
[ECO "C50"]
[WhiteElo "1854"]
[BlackElo "1600"]
[Annotator "NA RC"]
[PlyCount "113"]
[EventDate "2018.11.04"]
[EventType "swiss"]
[EventCountry "ESP"]
[SourceTitle "playchess.com"]
[Source "ChessBase"]
[SourceQuality "1"]
[TimeControl "40/5400+30:1800+30"]

1. e4 e5 2. Nf3 Nc6 3. Bc4 Nf6 4. d3 Bc5 5. O-O d6 6. c3 a6 7. a4 {[%emt 0:00:42] LiveBook: 458 Games} O-O 8. Nbd2 {[%emt 0:01:12] C54: Giuoco Piano: 4 c3 Nf6, main lines with 5 d4 and 5 d3} (8. h3 Ba7 9. Re1 Ne7 10. d4 Ng6 11. Nbd2 c6 12. b4 exd4 13. cxd4 d5 14. Bd3 dxe4 15. Nxe4 Nxe4 16. Bxe4 {½-½ (24) Malakhov,V (2666)-Tomashevsky,E (2702) Biograd 2018}) 8... Be6 9. h3 d5 10. exd5 Bxd5 11. Re1 Re8 $146 ({Predecessor:} 11... Bxc4 12. dxc4 e4 13. Nb3 Qxd1 14. Rxd1 Bxf2+ 15. Kxf2 exf3 16. gxf3 {½-½ (34) Zvarik,M (2216)-Spanton,T (1995) Caleta 2014}) 12. Qc2 Qd7 13. Bxd5 (13. b4 $5 Bb6 14. Bb2 $11) 13... Nxd5 14. Nc4 f6 15. Be3 Bxe3 16. Nxe3 Kh8 17. Rad1 Rad8 18. b4 Ndxb4 19. cxb4 Nxb4 20. Qb3 Nxd3 21. Re2 e4 22. Ne1 Qe6 23. Qxe6 Rxe6 24. Red2 Red6 25. Nxd3 exd3 26. Nc4 Rd4 27. Nb2 b5 28. axb5 axb5 29. Rxd3 Rxd3 30. Rxd3 Rxd3 31. Nxd3 Kg8 32. Kf1 Kf7 33. Ke2 Ke6 34. Kd2 Kd5 35. Kc3 c5 36. Nf4+ Ke5 37. Nh5 g6 38. Ng7 Kd5 $1 39. Ne8 b4+ 40. Kc2 Kd4 $2 (40... Ke6 $11) 41. Nxf6 c4 42. f3 $2 (42. Nxh7 b3+ 43. Kb2) 42... b3+ 43. Kb2 c3+ $2 (43... Kd3 $14 44. h4 (44. Nxh7 $2 c3+ 45. Kxb3 c2 $19) 44... c3+ 45. Kxb3 c2) 44. Kxb3 Kd3 45. Ne4 c2 46. Kb2 g5 47. Kc1 h6 48. g3 Ke3 49. Nd2 h5 50. Kxc2 $18 h4 51. gxh4 gxh4 52. Kd1 Kf4 53. Ke2 Kg3 54. Ne4+ Kxh3 55. Kf2 Kh2 56. Ng5 h3 57. f4 1-0

[Event "FIDE WCCC G12 2018"]
[Site "Santiago de Compostela"]
[Date "2018.11.09"]
[Round "5"]
[White "Sheikh, Anum"]
[Black "Zhai, Pinran"]
[Result "0-1"]
[ECO "B84"]
[WhiteElo "1770"]
[BlackElo "1558"]
[Annotator "NA RC"]
[PlyCount "58"]
[EventDate "2018.11.04"]
[EventType "swiss"]
[EventCountry "ESP"]
[SourceTitle "playchess.com"]
[Source "ChessBase"]
[SourceQuality "1"]
[TimeControl "40/5400+30:1800+30"]

1. e4 c5 2. Nf3 d6 3. d4 cxd4 4. Nxd4 Nf6 5. Nc3 a6 6. Be2 e6 7. Be3 Be7 8. O-O Nbd7 9. f4 Qc7 10. a4 b6 11. Bf3 Bb7 12. Qe1 Nc5 13. Bd2 Rd8 14. b4 Ncd7 15. Nb3 O-O 16. e5 Ne8 17. Bxb7 Qxb7 18. b5 a5 19. Nd4 Nb8 20. Nf3 Qc7 21. Be3 dxe5 22. Nxe5 Bb4 23. Bd2 Rxd2 24. Qxd2 Bxc3 25. Qe2 Bxa1 26. Rxa1 Nf6 27. c4 h6 28. Kh1 Rd8 29. Qe3 Nfd7 0-1

[Event "FIDE WCCC G12 2018"]
[Site "Santiago de Compostela"]
[Date "2018.11.09"]
[Round "5"]
[White "Wagner, Margarethe"]
[Black "Toth, Manoush"]
[Result "1-0"]
[ECO "B90"]
[WhiteElo "1766"]
[BlackElo "1576"]
[Annotator "NA RC"]
[PlyCount "93"]
[EventDate "2018.11.04"]
[EventType "swiss"]
[EventCountry "ESP"]
[SourceTitle "playchess.com"]
[Source "ChessBase"]
[SourceQuality "1"]
[TimeControl "40/5400+30:1800+30"]

1. e4 c5 2. Nf3 d6 3. d4 cxd4 4. Nxd4 Nf6 5. Nc3 a6 6. f3 e5 7. Nb3 Be6 8. Be3 Be7 9. Qd2 O-O 10. O-O-O Nbd7 11. g4 b5 12. g5 b4 13. Nd5 Nxd5 14. exd5 Bf5 15. h4 a5 16. Kb1 a4 17. Nc1 b3 18. axb3 axb3 19. Nxb3 Qb8 20. Bd3 Bxd3 21. Qxd3 Qb4 22. Qe4 Qxe4 23. fxe4 Ra4 24. Nd2 Rfa8 25. b3 Ra1+ 26. Kb2 R1a2+ 27. Kc3 Rc8+ 28. Nc4 Rf8 29. Ra1 Rfa8 30. Rxa2 Rxa2 31. b4 f6 32. b5 Ra8 33. Rb1 fxg5 34. Bxg5 Kf7 35. Rf1+ Ke8 36. Be3 Nf6 37. Kd3 Rb8 38. b6 Ng4 39. Rb1 Nxe3 40. Kxe3 Kd7 41. h5 Bd8 42. Kd3 Be7 43. Ra1 Rb7 44. Ra7 Kc8 45. Na5 Rxb6 46. Rxe7 Ra6 47. Nc4 1-0